 Dungeon Crawl Stone Soup version 0.18.1-48-g4cf74bf (webtiles) character file.

1659 Irinka the Chopper (level 9, -6/67 HPs)
             Began as a Hill Orc Fighter on Aug 20, 2016.
             Was a Follower of Beogh.
             Mangled by a killer bee (7 damage)
             ... on level 7 of the Dungeon.
             The game lasted 00:39:54 (9070 turns).

Irinka the Chopper (Hill Orc Fighter)               Turns: 9070, Time: 00:39:54

Health: -6/67      AC: 10    Str: 20    XL:     9   Next: 0%
Magic:  0/9        EV:  9    Int:  7    God:    Beogh [*.....]
Gold:   352        SH: 10    Dex: 11    Spells: 0 memorised, 8 levels left

rFire  . . .     SeeInvis .     a - +0 war axe
rCold  + . .     Gourm    .     b - +0 scale mail
rNeg   . . .     Faith    .     c - +0 shield
rPois  +         Spirit   +     (no helmet)
rElec  .         Dismiss  .     D - +1 cloak {rPois}
rCorr  .         Reflect  .     (no gloves)
SustAt .         Harm     .     (no boots)
MR     .....                    s - amulet of guardian spirit
Stlth  ..........               (no ring)
                                B - ring of protection from cold

@: lethally poisoned (-6 -> -8), exhausted, flying, very slightly contaminated,
hasted and slowed, not resistant to hostile enchantments, extremely unstealthy
A: dopey 1, frail 1, mutation resistance 1
a: Renounce Religion


You were on level 7 of the Dungeon.
You worshipped Beogh.
Beogh was aware of your devotion.
You were very hungry.

You visited 1 branch of the dungeon, and saw 7 of its levels.

You collected 352 gold pieces.

Inventory:

Hand Weapons
 a - a +0 war axe (weapon)
 e - a +0 club
 i - a cursed -2 club
 k - a +0 club
 o - a +0 shortbow
 w - a +0 club
 J - a +3 hand axe of chopping
Missiles
 j - 151 stones (quivered)
 q - 66 bolts
 r - 5 tomahawks
 z - 131 arrows
 G - 76 sling bullets
Armour
 b - a +0 scale mail (worn)
 c - a +0 shield (worn)
 h - a +0 scale mail
 D - a +1 cloak of poison resistance (worn)
 H - a +0 cloak
 Q - a +1 cloak
Jewellery
 s - an amulet of guardian spirit (around neck)
 B - a ring of protection from cold (left hand)
 K - a +5 ring of intelligence {unknown}
Wands
 y - a wand of slowing (7/48)
 C - a wand of confusion (16/48)
 I - a wand of disintegration (13/24)
 U - a wand of random effects (20/48)
Scrolls
 g - a scroll of enchant weapon
 l - 5 scrolls of remove curse
 p - 3 scrolls of teleportation {unknown}
 t - 7 scrolls of identify
 v - a scroll of blinking {unknown}
 x - a scroll of amnesia {unknown}
 A - 3 scrolls of random uselessness {unknown}
 E - 2 scrolls of enchant armour {unknown}
 N - 2 scrolls of recharging {unknown}
 R - 2 scrolls of magic mapping {unknown}
 S - a scroll of fear {unknown}
Potions
 d - a potion of might
 O - a potion of agility
Books
 L - a book of Frost

   Spells                             Type                      Level
   a - Freeze                         Ice                          1
   b - Throw Frost                    Conjuration/Ice              2
   c - Ozocubu's Armour               Charms/Ice                   3
   d - Throw Icicle                   Conjuration/Ice              4
   e - Summon Ice Beast               Ice/Summoning                4
 M - an Akashic Record

   Spells                             Type                      Level
   a - Dispersal                      Translocation                6
   b - Malign Gateway                 Summoning/Translocation      7
   c - Disjunction                    Translocation                8
   d - Controlled Blink               Translocation                8
Comestibles
 f - 5 bread rations
 u - 7 fruits
 T - 4 chunks of flesh


   Skills:
 + Level 6.0 Fighting
 + Level 6.5 Axes
 + Level 2.7 Throwing
 + Level 6.2 Armour
 + Level 4.0 Dodging
 + Level 1.1 Stealth
 + Level 5.9 Shields
 + Level 0.2 Evocations


You had 8 spell levels left.
You didn't know any spells.

Dungeon Overview and Level Annotations

Branches:
Dungeon (7/15)             Temple (0/1) D:6

Altars:
Ashenzari
Cheibriados
Gozag
Nemelex Xobeh
Okawaru
Pakellas
Ru
Sif Muna
Trog
Xom
Zin


Innate Abilities, Weirdness & Mutations

You are dopey. (Int -2)
You are frail (-10% HP).
You are somewhat resistant to further mutation.


Message History

The killer bee stings you but does no damage.
You closely miss the killer bee. You block the killer bee's attack. x2
The killer bee stings you.
* * * LOW HITPOINT WARNING * * *
You closely miss the killer bee.
You feel sick. You block the killer bee's attack.
The killer bee stings you but does no damage.
You barely miss the killer bee. The killer bee stings you.
* * * LOW HITPOINT WARNING * * *
You are more poisoned.
The killer bee poisons you! The killer bee stings you.
* * * LOW HITPOINT WARNING * * *
You slash the killer bee!
The killer bee is severely wounded.
* * * LOW HITPOINT WARNING * * *
You feel sick.
The killer bee stings you but does no damage.
You block the killer bee's attack. The killer bee barely misses you.
The killer bee stings you!
You die...

...........# ...........#
##....##...# ##....###..#
#.....##...#### #.....+....#..#
##....##......####
##....##..#.yyyy.##
......##..###+##@.# ######
>y....######..###'### #....#
##....y.......#≈≈.≈≈# #....####
##............#≈⌠.⌠≈### #........
......##..###.'.._..).###........
##....##..###.#§⌠.⌠≈#)....###....
##....##...#..#≈§.≈≈#...#...'....
......'....'..###'###...#...#....
......#....#....#..#....#...#####


You could see 4 killer bees.

Vanquished Creatures
  Grinder (D:5)
  An ice beast (D:6)
  An orc warrior (D:7)
  A centaur (D:7)
  2 giant frogs
  2 killer bees (D:7)
  2 howler monkeys
  A crimson imp (D:3)
  3 hounds
  4 orc wizards
  5 orc priests
  2 giant frog skeletons
  3 iguanas
  Jessica (D:3)
  4 worker ants
  A hound skeleton (D:7)
  A howler monkey zombie (D:7)
  A worker ant zombie (D:5)
  4 gnolls
  7 adders
  A shadow imp (D:5)
  2 worms
  3 dart slugs
  2 giant geckos
  21 orcs
  A ball python (D:2)
  4 bats
  3 giant cockroaches
  6 goblins
  10 hobgoblins
  22 jackals
  7 kobolds
  6 quokkas
  A giant newt (D:2)
  3 rats
  2 fungi (D:2)
  7 plants
148 creatures vanquished.

Vanquished Creatures (others)
  An orc priest (D:3)
  3 orcs (D:3)
  4 jackals (D:3)
  A quokka (D:3)
9 creatures vanquished.

Grand Total: 157 creatures vanquished

Notes
Turn   | Place    | Note
--------------------------------------------------------------
     0 | D:1      | Irinka the Hill Orc Fighter began the quest for the Orb.
     0 | D:1      | Reached XP level 1. HP: 19/19 MP: 1/1
   171 | D:1      | Reached XP level 2. HP: 23/27 MP: 2/2
   773 | D:1      | Reached XP level 3. HP: 33/33 MP: 3/3
  1323 | D:2      | Reached skill level 1 in Dodging
  1625 | D:2      | Found a shattered altar of Ashenzari.
  1676 | D:2      | Reached XP level 4. HP: 38/40 MP: 4/4
  1727 | D:2      | Found a shattered altar of Ashenzari.
  1762 | D:2      | Found a sacrificial altar of Ru.
  2893 | D:3      | Noticed Jessica
  2898 | D:3      | Killed Jessica
  2933 | D:3      | Reached XP level 5. HP: 43/46 MP: 5/5
  3355 | D:3      | Became a worshipper of Beogh the Brigand
  3373 | D:3      | Found a deep blue altar of Sif Muna.
  3562 | D:3      | Found a sparkling altar of Nemelex Xobeh.
  3992 | D:4      | Reached skill level 1 in Throwing
  3992 | D:4      | Reached XP level 6. HP: 40/53 MP: 4/6
  4310 | D:4      | Noticed an angel
  4311 | D:4      | Found a glowing silver altar of Zin.
  4311 | D:4      | Found a shimmering altar of Xom.
  4390 | D:4      | Found a snail-covered altar of Cheibriados.
  4519 | D:4      | Found an oddly glowing altar of Pakellas.
  5172 | D:5      | Entered Level 5 of the Dungeon
  5645 | D:4      | Reached XP level 7. HP: 28/60 MP: 2/7
  6233 | D:5      | Reached * piety under Beogh
  6233 | D:5      | Reached skill level 5 in Armour
  6437 | D:5      | Noticed Grinder
  6465 | D:5      | Killed Grinder
  6465 | D:5      | Reached skill level 5 in Fighting
  6465 | D:5      | Reached skill level 1 in Stealth
  7024 | D:5      | Reached skill level 5 in Axes
  7155 | D:6      | Gained mutation: You are frail (-10% HP). [potion of mutation]
  7155 | D:6      | Gained mutation: You are dopey. (Int -2) [potion of mutation]
  7155 | D:6      | Gained mutation: You are somewhat resistant to further mutation. [potion of mutation]
  7157 | D:6      | Reached skill level 5 in Shields
  7166 | D:6      | Reached XP level 8. HP: 17/61 MP: 2/8
  7568 | D:6      | Found a staircase to the Ecumenical Temple.
  7731 | D:6      | Found a bloodstained altar of Trog.
  7737 | D:6      | Found an iron altar of Okawaru.
  8427 | D:7      | Found an opulent altar of Gozag.
  9061 | D:7      | Reached XP level 9. HP: 10/67 MP: 2/9
  9068 | D:7      | HP: 2/67 [killer bee (4)]
  9070 | D:7      | Mangled by a killer bee

Skill      XL: |  1  2  3  4  5  6  7  8 |
---------------+-------------------------+-----
Axes           | 3 4 5 6 |  6.5
Dodging        | 1 2 4 |  4.0
Fighting       | 4 5 6 |  6.0
Shields        | 4 5 |  5.9
Armour         | 4 5 6 |  6.2
Throwing       | 1 2 |  2.7
Stealth        | 1 |  1.1
Evocations     | |  0.2

Action                   |  1- 3 |  4- 6 |  7- 9 || total
-------------------------+-------+-------+-------++-------
Melee: War axe           |   129 |   311 |   300 ||   740
Throw: Stone             |    19 |    87 |    71 ||   177
Invok: Convert to Beogh  |       |     1 |       ||     1
Evoke: Wand              |       |       |     1 ||     1
  Use: Scroll            |     2 |     2 |     1 ||     5
       Potion            |     1 |     1 |     9 ||    11
  Eat: Chunk             |     3 |    11 |     3 ||    17
       Meat ration       |       |     1 |     1 ||     2
Armor: Scale mail        |    82 |    98 |   146 ||   326
Dodge: Dodged            |    41 |    77 |   123 ||   241
Block: Shield            |    99 |   128 |   208 ||   435
